 Dungeon Sprint DCSS version 0.29.1-12-g30fa7ad0bf (webtiles) character file.

Game seed: 9533803827931630504

10900000 Monkooky the Plane Walker (level 27, -3/266 HPs)
             Began as a Palentonga Warper on Dec 13, 2022.
             Was the Champion of Makhleb.
             Killed from afar by an observer (33 damage)
             ... with a fireball
             ... in the Dungeon (Sprint VIII: "Arena of Blood").
             The game lasted 00:05:28 (109 turns).

Monkooky the Plane Walker (Palentonga Warper)        Turns: 109, Time: 00:05:28

Health: -3/266     AC: 15    Str: 16    XL:     27
Magic:  24/54      EV: 29    Int: 17    God:    Makhleb [******]
Gold:   0          SH:  0    Dex: 21    Spells: 75/80 levels left

rFire   . . .      SeeInvis +   j - +∞ Axe of Woe
rCold   . . .      Faith    .   (shield currently unavailable)
rNeg    . . .      Spirit   .   b - +0 leather armour
rPois   .          Reflect  .   (no helmet)
rElec   .          Harm     .   (no cloak)
rCorr   .          Rampage  .   (no gloves)
Will    ++...      NoTele   +   (no barding)
Stlth   ++++++++++              (no amulet)
HPRegen 0.54/turn               (no ring)
MPRegen 0.34/turn               (no ring)

@: lethally poisoned (-3 -> -32), curled up
A: large, rugged brown scales 3, see invisible, deformed body, roll 1, armoured
tail, reflexive curl
a: Rolling Charge, Renounce Religion, Minor Destruction, Lesser Servant of
Makhleb, Major Destruction, Greater Servant of Makhleb


You were in the Dungeon.
You worshipped Makhleb.
Makhleb was exalted by your worship.
You visited 1 branch

Inventory:

Hand Weapons
 a - a +0 hand axe
 j - the +∞ Axe of Woe (weapon)
   (You found it in the Dungeon)
Missiles
 d - 7 boomerangs of dispersal
Armour
 b - a +0 leather armour (worn)
Scrolls
 c - a scroll of blinking
Potions
 e - a potion of curing
 f - a potion of heal wounds
 g - a potion of haste
 h - 2 potions of magic
 i - a potion of berserk rage


   Skills:
 O Level 27 Fighting
 O Level 27 Short Blades
 O Level 27 Long Blades
 O Level 27 Axes
 O Level 27 Maces & Flails
 O Level 27 Polearms
 O Level 27 Staves
 O Level 27 Ranged Weapons
 O Level 27 Throwing
 O Level 27 Armour
 O Level 27 Dodging
 O Level 27 Stealth
 O Level 27 Shields
 O Level 27 Unarmed Combat
 O Level 27 Spellcasting
 O Level 27 Conjurations
 O Level 27 Hexes
 O Level 27 Summonings
 O Level 27 Necromancy
 O Level 27 Translocations
 O Level 27 Transmutations
 O Level 27 Fire Magic
 O Level 27 Ice Magic
 O Level 27 Air Magic
 O Level 27 Earth Magic
 O Level 27 Poison Magic
 O Level 27 Invocations
 O Level 27 Evocations


You had 75 spell levels left.
You knew the following spells:

 Your Spells              Type           Power      Damage    Failure   Level
a - Manifold Assault      Tloc           86%        N/A       0%          5

Your spell library contained the following spells:

 Spells                   Type           Power      Damage    Failure   Level
 Blink                    Tloc           100%       N/A       0%          2
 Gell's Gravitas          Tloc           86%        N/A       0%          3
 Lesser Beckoning         Tloc           86%        N/A       0%          3
 Teleport Other           Tloc           86%        N/A       0%          3


Dungeon Overview and Level Annotations

Branches:
Dungeon (1/1)

Altars:
Makhleb


Innate Abilities, Weirdness & Mutations

You are completely covered in rugged brown scales. (AC +3, +7% HP)
You have supernaturally acute eyesight. (SInv)
Armour fits poorly on your strangely shaped body.
You can roll at nearby foes to attack.
You have a long armoured tail.
You curl defensively after being hit. (AC +7*)


Message History

You destroy the accursed!
Makhleb accepts your kill.
You feel better.
You chop one of the eight-headed meat hydra's heads off!
The seven-headed meat hydra grows two more!
You slice the nine-headed meat hydra!!
You dissect the nine-headed meat hydra like a pig carcass.
You blow up the nine-headed meat hydra!
Makhleb accepts your kill.
You feel better.
You feel extremely nervous for a moment...
You are engulfed in negative energy!
You feel weakened.
You hear a shout!
The meat berserker is engulfed in blazing flames.
The observer gazes at you. Something smites you!
You hear a shout!
The eight-headed meat hydra calls on the powers of darkness!
The eight-headed meat hydra convulses!
Your body is wracked with pain!
The observer convulses!
The scourge convulses!
The bag of meat convulses!
The meat berserker convulses! x2; The bag of meat convulses!
The scourge throws poison sting at you. The poison arrow hits you!!!
You are poisoned.
* * * LOW HITPOINT WARNING * * *
The meat berserker rages.
You hear a shout!
You feel your strength returning.
Unknown command.
Blink to where?
Press: ? - help, Dir - move target 2 bags of meat come into view.
As you read the scroll of blinking, it crumbles to dust.
* * * LOW HITPOINT WARNING * * *
You feel extremely sick.
You hear a shout! x5
The observer gazes at you.
The fireball explodes!
The fireball engulfs you!!
You die... #.o. #. #..... o# ....###. #....# ..o.......... #..o.##.. .°D.#M..... #.....#. ooO#ooXX...#

#=.....###O.§X.XLX..#
#.....##...O#VSMo...#
#....#O.....§§#.....)
#...@#...)..§).......
#.......○)§§§§§..###.
#........z○.§..D...#)
#......o°G§§.......#.
#....))).)#.........)
#...)))))#.#.#...))))
#.)))))...#.#§...).).
#.)###)..#.#.#....).)
#.. ##...#.#.....#..


You could see an observer (fast, invisible), a sculptor of flesh and 3 bags of
meat.

Vanquished Creatures
  4 hell beasts (D)
  6 royal mummies (D)
  4 great orbs of eyes (D)
  6 wraiths (D)
  15 vampire knights (D)
  33 ogres (D)
  5 two-headed ogres (D)
  2 liches (D)
  3 hydras (D)
  3 phantoms (D)
  62 orcs (D)
  5 skeletal warriors (D)
  2 sea snakes (D)
150 creatures vanquished.

Vanquished Creatures (others)
  A two-headed ogre (D)
  A hydra (D)
  2 orcs (D)
4 creatures vanquished.

Grand Total: 154 creatures vanquished

Notes
Turn   | Place    | Note
-------+----------+-------------------------------------------
     0 | D        | Found the +∞ Axe of Woe
     0 | D        | Monkooky the Palentonga Warper began the quest for the Orb.
     0 | D        | Reached XP level 1. HP: 17/17 MP: 3/3
     4 | D        | Became a worshipper of Makhleb the Destroyer
     6 | D        | Noticed a bag of meat
     6 | D        | Noticed a bag of meat
     6 | D        | Noticed a meat berserker
     6 | D        | Noticed a bag of meat
     6 | D        | Noticed a meat berserker
     6 | D        | Noticed a bag of meat
     7 | D        | Noticed a meat berserker
     7 | D        | Noticed a bag of meat
     7 | D        | Killed a meat berserker
     7 | D        | Noticed a meat berserker
     7 | D        | Noticed a bag of meat
     8 | D        | Reached skill level 10 in Fighting
     8 | D        | Reached XP level 2. HP: 38/38 MP: 3/14
     8 | D        | Reached XP level 3. HP: 44/44 MP: 3/16
     8 | D        | Reached XP level 4. HP: 52/52 MP: 3/17
     8 | D        | Reached XP level 5. HP: 57/57 MP: 3/19
     8 | D        | Reached XP level 6. HP: 65/65 MP: 3/20
     8 | D        | Gained mutation: You curl defensively after being hit. (AC
                  | +7*) [Palentonga growth]
     8 | D        | Reached XP level 7. HP: 71/71 MP: 3/22
     8 | D        | Reached XP level 8. HP: 79/79 MP: 3/23
     8 | D        | Reached XP level 9. HP: 84/84 MP: 3/24
     8 | D        | Reached XP level 10. HP: 92/92 MP: 3/25
     8 | D        | Reached XP level 11. HP: 98/98 MP: 3/26
     8 | D        | Killed a meat berserker
     8 | D        | Reached * piety under Makhleb
     9 | D        | Reached skill level 10 in Dodging
     9 | D        | Reached XP level 12. HP: 110/110 MP: 3/29
     9 | D        | Reached XP level 13. HP: 116/116 MP: 3/30
     9 | D        | Killed a meat berserker
     9 | D        | Killed a bag of meat
     9 | D        | Noticed a bag of meat
     9 | D        | Noticed a bag of meat
     9 | D        | Noticed a meat berserker
    10 | D        | Reached skill level 15 in Spellcasting
    10 | D        | Reached XP level 14. HP: 129/129 MP: 3/33
    10 | D        | Killed a meat berserker
    10 | D        | Reached ** piety under Makhleb
    10 | D        | Killed a bag of meat
    11 | D        | Reached skill level 27 in Translocations
    11 | D        | Killed a meat berserker
    12 | D        | Reached XP level 15. HP: 143/143 MP: 4/36
    12 | D        | Reached *** piety under Makhleb
    13 | D        | Reached skill level 5 in Armour
    14 | D        | Reached skill level 5 in Throwing
    14 | D        | Noticed a meat berserker
    14 | D        | Noticed a meat berserker
    14 | D        | Reached **** piety under Makhleb
    15 | D        | Reached XP level 16. HP: 156/156 MP: 4/39
    15 | D        | Noticed a meat berserker
    15 | D        | Killed a meat berserker
    15 | D        | Noticed a meat berserker
    15 | D        | Noticed a meat berserker
    16 | D        | Reached skill level 15 in Dodging
    16 | D        | Noticed a meat berserker
    16 | D        | Reached ***** piety under Makhleb
    17 | D        | Reached skill level 27 in Axes
    17 | D        | Killed a meat berserker
    18 | D        | Reached XP level 17. HP: 180/180 MP: 5/45
    19 | D        | Reached ****** piety under Makhleb
    19 | D        | Noticed a large bag of meat
    20 | D        | Reached skill level 27 in Fighting
    20 | D        | Reached skill level 10 in Armour
    20 | D        | Reached skill level 27 in Spellcasting
    20 | D        | Reached XP level 18. HP: 101/194 MP: 5/49
    20 | D        | Killed a meat berserker
    20 | D        | Killed a meat berserker
    20 | D        | Killed a meat berserker
    21 | D        | Reached skill level 15 in Armour
    21 | D        | Noticed a meat berserker
    22 | D        | Reached skill level 27 in Dodging
    22 | D        | Reached XP level 19. HP: 202/202 MP: 6/50
    23 | D        | Noticed a destroyer
    23 | D        | Noticed a destroyer
    23 | D        | Noticed a large bag of meat
    24 | D        | Reached skill level 15 in Throwing
    24 | D        | Killed a meat berserker
    25 | D        | Noticed a destroyer
    26 | D        | Noticed a destroyer
    26 | D        | Killed a large bag of meat
    26 | D        | Noticed a large bag of meat
    26 | D        | Noticed a large bag of meat
    27 | D        | Reached XP level 20. HP: 162/210 MP: 7/51
    27 | D        | Killed a destroyer
    28 | D        | Reached skill level 27 in Armour
    28 | D        | Noticed a meat berserker
    29 | D        | Noticed a destroyer
    30 | D        | Reached skill level 27 in Throwing
    30 | D        | Noticed a meat berserker
    30 | D        | Killed a destroyer
    30 | D        | Killed a large bag of meat
    30 | D        | Killed a destroyer
    31 | D        | Reached skill level 5 in Polearms
    31 | D        | Reached skill level 5 in Ranged Weapons
    31 | D        | Reached skill level 5 in Stealth
    31 | D        | Reached XP level 21. HP: 168/218 MP: 8/52
    32 | D        | Killed a large bag of meat
    32 | D        | Killed a destroyer
    33 | D        | Reached skill level 10 in Invocations
    34 | D        | Reached skill level 10 in Short Blades
    34 | D        | Reached skill level 10 in Unarmed Combat
    34 | D        | Reached skill level 10 in Hexes
    34 | D        | Reached skill level 10 in Necromancy
    34 | D        | Reached skill level 10 in Transmutations
    34 | D        | Reached XP level 22. HP: 199/226 MP: 9/53
    35 | D        | Noticed a destroyer
    36 | D        | Reached skill level 10 in Shields
    36 | D        | Reached skill level 10 in Conjurations
    36 | D        | Reached skill level 10 in Earth Magic
    36 | D        | Reached skill level 10 in Evocations
    37 | D        | Killed a destroyer
    38 | D        | Reached skill level 10 in Long Blades
    38 | D        | Reached skill level 10 in Maces & Flails
    38 | D        | Reached skill level 10 in Polearms
    38 | D        | Reached skill level 10 in Staves
    38 | D        | Reached skill level 10 in Summonings
    38 | D        | Reached skill level 10 in Fire Magic
    38 | D        | Reached skill level 10 in Ice Magic
    38 | D        | Reached skill level 10 in Air Magic
    38 | D        | Reached skill level 10 in Poison Magic
    39 | D        | Killed a destroyer
    41 | D        | Noticed a destroyer
    47 | D        | Reached skill level 27 in Invocations
    47 | D        | Reached XP level 23. HP: 234/234 MP: 13/54
    47 | D        | Noticed an accursed
    48 | D        | Killed a large bag of meat
    49 | D        | Reached skill level 10 in Ranged Weapons
    49 | D        | Reached skill level 10 in Stealth
    49 | D        | Noticed an accursed
    51 | D        | Killed a destroyer
    52 | D        | Killed an accursed
    53 | D        | Reached skill level 15 in Short Blades
    53 | D        | Reached skill level 15 in Unarmed Combat
    53 | D        | Reached skill level 15 in Hexes
    53 | D        | Reached skill level 15 in Necromancy
    53 | D        | Reached skill level 15 in Transmutations
    53 | D        | Reached XP level 24. HP: 184/242 MP: 15/54
    53 | D        | Noticed a destroyer
    53 | D        | Killed an accursed
    54 | D        | Reached skill level 15 in Long Blades
    54 | D        | Reached skill level 15 in Maces & Flails
    54 | D        | Reached skill level 15 in Staves
    54 | D        | Noticed an accursed
    55 | D        | Reached skill level 15 in Shields
    55 | D        | Reached skill level 15 in Conjurations
    55 | D        | Reached skill level 15 in Earth Magic
    55 | D        | Reached skill level 15 in Evocations
    55 | D        | Killed a destroyer
    56 | D        | Killed an accursed
    57 | D        | Reached skill level 15 in Polearms
    57 | D        | Noticed a destroyer
    58 | D        | Reached skill level 15 in Summonings
    58 | D        | Reached skill level 15 in Fire Magic
    58 | D        | Reached skill level 15 in Ice Magic
    58 | D        | Reached skill level 15 in Air Magic
    58 | D        | Reached skill level 15 in Poison Magic
    58 | D        | Reached XP level 25. HP: 250/250 MP: 17/54
    58 | D        | Noticed a meat beast
    59 | D        | Reached skill level 15 in Ranged Weapons
    60 | D        | Killed a destroyer
    63 | D        | Reached skill level 15 in Stealth
    64 | D        | Killed a meat beast
    65 | D        | Reached XP level 26. HP: 258/258 MP: 20/54
    65 | D        | Noticed a dread
    65 | D        | Killed a dread
    69 | D        | Noticed a meat beast
    69 | D        | Noticed a meat beast
    69 | D        | Killed a meat beast
    70 | D        | Reached XP level 27. HP: 266/266 MP: 22/54
    76 | D        | Learned a level 5 spell: Manifold Assault
    84 | D        | Noticed a destroyer
    84 | D        | Noticed a tyrant
    86 | D        | Killed a destroyer
    88 | D        | Killed a tyrant
    88 | D        | Noticed a dread
    90 | D        | Noticed a destroyer
    91 | D        | Noticed a dread
    92 | D        | Noticed an accursed
    92 | D        | Killed a dread
    93 | D        | Reached skill level 27 in Stealth
    93 | D        | Killed a destroyer
    94 | D        | Noticed a dread
    94 | D        | Noticed a dread
    94 | D        | Noticed a destroyer
    95 | D        | Killed a dread
    95 | D        | Noticed a destroyer
    96 | D        | Noticed a meat beast
    97 | D        | Noticed a large bag of meat
    97 | D        | Noticed an accursed
    97 | D        | Noticed a tyrant
    97 | D        | Killed an accursed
    97 | D        | Noticed a destroyer
    97 | D        | Noticed a destroyer
    98 | D        | Killed a destroyer
    99 | D        | Killed a destroyer
   100 | D        | Killed a meat beast
   101 | D        | Reached skill level 27 in Short Blades
   101 | D        | Reached skill level 27 in Long Blades
   101 | D        | Reached skill level 27 in Maces & Flails
   101 | D        | Reached skill level 27 in Staves
   101 | D        | Reached skill level 27 in Unarmed Combat
   101 | D        | Reached skill level 27 in Hexes
   101 | D        | Reached skill level 27 in Necromancy
   101 | D        | Reached skill level 27 in Transmutations
   101 | D        | Killed a meat beast
   102 | D        | Reached skill level 27 in Earth Magic
   102 | D        | Reached skill level 27 in Evocations
   102 | D        | Killed a destroyer
   102 | D        | Killed a dread
   103 | D        | Reached skill level 27 in Polearms
   103 | D        | Reached skill level 27 in Shields
   103 | D        | Reached skill level 27 in Conjurations
   103 | D        | Noticed a dread
   103 | D        | Killed a destroyer
   103 | D        | Killed a large bag of meat
   103 | D        | Noticed a large bag of meat
   104 | D        | Killed a large bag of meat
   104 | D        | Killed an accursed
   105 | D        | Reached skill level 27 in Ranged Weapons
   105 | D        | Reached skill level 27 in Summonings
   105 | D        | Reached skill level 27 in Fire Magic
   105 | D        | Reached skill level 27 in Ice Magic
   105 | D        | Reached skill level 27 in Air Magic
   105 | D        | Reached skill level 27 in Poison Magic
   106 | D        | Noticed a large bag of meat
   106 | D        | Noticed an accursed
   106 | D        | Noticed a destroyer
   106 | D        | Noticed an accursed
   106 | D        | Noticed a meat beast
   106 | D        | Killed a dread
   106 | D        | Noticed a tyrant
   107 | D        | Killed a tyrant
   108 | D        | Noticed an accursed
   108 | D        | Killed a dread
   108 | D        | Killed an accursed
   109 | D        | Killed from afar by an observer

Illustrated notes

Levels and vault maps discovered:
D:        meatsprint

Skill      XL: |  1  2  3  4  5  6  7  8  9 10 11 12 13 14 15 16 17 18 19 20 21 22 23 24 25 26 27 |
---------------+----------------------------------------------------------------------------------+-----
Fighting       | 10 12 14 17 19 25 27 | 27.0
Axes           | 11 13 16 20 23 27 | 27.0
Throwing       | 2 3 4 5 7 9 13 21 27 | 27.0
Armour         | 2 3 4 5 8 10 16 26 27 | 27.0
Dodging        | 8 10 11 13 14 18 22 27 | 27.0
Spellcasting   | 11 13 15 17 19 24 27 | 27.0
Translocations | 20 22 25 27 | 27.0
Short Blades   | 7 10 12 15 18 20 22 27 | 27.0
Long Blades    | 6 9 10 14 17 19 21 27 | 27.0
Maces & Flails | 6 9 10 14 17 19 21 27 | 27.0
Polearms       | 5 8 10 13 16 18 20 27 | 27.0
Staves         | 6 9 10 14 17 19 21 27 | 27.0
Ranged Weapons | 5 7 9 12 14 16 18 27 | 27.0
Stealth        | 5 8 9 11 14 16 17 27 | 27.0
Shields        | 6 9 11 14 16 18 20 27 | 27.0
Unarmed Combat | 7 10 12 15 18 20 22 27 | 27.0
Conjurations   | 6 9 11 14 16 18 20 27 | 27.0
Hexes          | 7 10 12 15 18 20 22 27 | 27.0
Summonings     | 6 8 10 12 15 17 19 27 | 27.0
Necromancy     | 7 10 12 15 18 20 22 27 | 27.0
Transmutations | 7 10 12 15 18 20 22 27 | 27.0
Fire Magic     | 6 8 10 12 15 17 19 27 | 27.0
Ice Magic      | 6 8 10 12 15 17 19 27 | 27.0
Air Magic      | 6 8 10 12 15 17 19 27 | 27.0
Earth Magic    | 6 9 11 14 16 18 20 27 | 27.0
Poison Magic   | 6 8 10 12 15 17 19 27 | 27.0
Invocations    | 7 11 27 | 27.0
Evocations     | 6 9 11 14 16 18 20 27 | 27.0

Action                   |  1- 3 |  4- 6 |  7- 9 | 10-12 | 13-15 | 16-18 | 19-21 | 22-24 | 25-27 || total
-------------------------+-------+-------+-------+-------+-------+-------+-------+-------+-------++-------
Melee: Executioner's axe |     1 |       |       |     1 |     6 |     7 |    12 |    13 |    42 ||    82
 Cast: Manifold Assault  |       |       |       |       |       |       |       |       |     2 ||     2
Invok: Greater Servant o |       |       |       |       |       |       |       |     2 |       ||     2
 Abil: Rolling Charge    |     1 |       |       |     1 |     1 |     2 |     6 |     4 |    16 ||    31
  Use: Scroll            |       |       |       |       |       |       |       |       |     1 ||     1
Armor: Leather armour    |       |       |       |       |       |       |       |       |     1 ||     1
Dodge: Dodged            |       |       |       |       |       |       |       |     1 |     1 ||     2
